AoeStats
← Darknar626

Pilgrims

508114918Analyzed
4v4 RM · 13d ago on Sep 20, 2026· 71m 47s· 8 players
Game mode
Random Map
Map size
Large (8 player)
Population
200
Speed
Normal
Resources
Standard
Victory
Conquest
Starting age
Dark Age
Ending age
Imperial Age
RankedLock teamsTeams togetherTeam positionsShared explorationLock speedFull tech treeHidden civsTurbo modeCheats
Victory
Defeat
🇦🇷 Ethiopians · Argentina
938
+12
🇲🇽 Britons · Mexico
822
+17
🇦🇷 Goths · Argentina
772
+19
🇺🇸 Vietnamese · United States
742
+20
🇦🇷 Sicilians · Argentina
926
-20
🇦🇷 Japanese · Argentina
889
-19
🇦🇷 Huns · Argentina
868
-18
🇮🇩 Armenians · Indonesia
680
-11
Darknar626
8:06 Loom
14:08 Feudal Age
15:30 Wheelbarrow
14:40 Town Watch
14:45 Double-Bit Axe
14:43 Horse Collar
21:35 Castle Age
20:15 Gold Mining
33:27 Hand Cart
39:18 Heavy Plow
43:04 Man-at-Arms
43:30 Gambesons
43:45 Squires
43:06 Pikeman
43:31 Arson
44:03 Long Swordsman
46:46 Fletching
47:06 Forging
46:57 Scale Mail Armor
47:55 Bodkin Arrow
48:21 Padded Archer Armor
50:22 Stone Mining
51:07 Gold Shaft Mining
52:27 Leather Archer Armor
52:41 Ballistics
52:02 Treadmill Crane
59:13 Iron Casting
58:53 Chain Mail Armor
58:44 Scale Barding Armor
66:41 Bow Saw
69:29 Imperial Age
71:19 Ring Archer Armor
70:49 Bracer
70:50 Murder Holes
72:13 Chemistry
projectswj
11:06 Feudal Age
13:09 Double-Bit Axe
14:11 Man-at-Arms
18:43 Loom
21:52 Castle Age
22:27 Gold Mining
23:40 Fletching
23:52 Padded Archer Armor
24:17 Husbandry
24:28 Pikeman
27:34 Crossbowman
32:22 Forging
32:10 Bodkin Arrow
32:16 Scale Mail Armor
43:48 Stone Mining
50:20 Wheelbarrow
52:46 Imperial Age
52:15 Iron Casting
51:56 Leather Archer Armor
54:07 Stone Shaft Mining
52:59 Crossbowman
53:46 Bracer
55:51 Thumb Ring
59:37 Ring Archer Armor
60:42 Hand Cart
61:29 Bow Saw
61:47 Capped Ram
66:07 Paper Money
65:15 Cavalier
66:16 Chain Mail Armor
66:07 Scale Barding Armor
67:21 Town Watch
67:38 Devotion
68:16 Plate Mail Armor
68:07 Chain Barding Armor
67:35 Elite Rattan Archer
68:56 Town Patrol
71:32 Chatras
71:04 Sappers
72:10 Hoardings
71:24 Demolition Ship
72:16 Medium Warships
71:46 Fishing Lines
DUNCAN
11:19 Feudal Age
11:55 Loom
12:02 Double-Bit Axe
17:15 Castle Age
16:19 Stone Mining
17:19 Crossbowman
20:49 Thumb Ring
28:41 Imperial Age
27:44 Horse Collar
27:56 Gold Mining
29:15 Gold Shaft Mining
29:52 Stone Shaft Mining
30:05 Wheelbarrow
29:15 Town Watch
30:08 Bow Saw
31:35 Heavy Plow
32:28 Fletching
32:39 Padded Archer Armor
32:57 Arbalester
35:21 Two-Man Saw
35:11 Hand Cart
34:56 Town Patrol
38:10 Bodkin Arrow
38:31 Leather Archer Armor
38:51 Town Patrol
39:34 Bracer
40:54 Chemistry
40:15 Ballistics
41:12 Careening
42:26 Royal Heirs
42:54 Conscription
46:35 Elite Shotel Warrior
57:50 Ring Archer Armor
57:31 Forging
57:27 Scale Barding Armor
57:43 Capped Ram
58:25 Royal Heirs
58:25 Torsion Engines
61:54 Iron Casting
61:39 Chain Barding Armor
67:19 Husbandry
68:35 Caravan
69:05 Coinage
68:45 Guilds
69:37 Blast Furnace
68:37 Scale Mail Armor
68:35 Herbal Medicine
69:01 Sanctity
68:41 Devotion
68:42 Atonement
68:53 Fervor
69:34 Medium Warships
72:17 Heavy Warships
72:09 Masonry
72:21 Dry Dock
72:22 Chain Mail Armor
71:30 Heavy Cavalry Archer
71:33 Elite Skirmisher
joacoc87
10:33 Loom
14:18 Feudal Age
15:35 Wheelbarrow
14:48 Double-Bit Axe
15:09 Town Watch
15:13 Fishing Lines
17:04 Forging
16:55 Scale Mail Armor
17:30 Horse Collar
18:10 Gold Mining
20:20 Fletching
21:25 Padded Archer Armor
21:24 Stone Mining
24:25 Castle Age
25:18 Gillnets
25:51 Pikeman
27:56 Hand Cart
28:05 Bodkin Arrow
30:17 Stone Shaft Mining
32:05 Bow Saw
32:36 Medium Warships
37:30 Imperial Age
38:11 Elite Huskarl
39:12 Conscription
38:57 Anarchy
39:04 Murder Holes
39:20 Masonry
40:34 Heavy Warships
43:37 Two-Man Saw
42:59 Ballistics
43:40 Chemistry
43:11 Architecture
43:05 Chain Mail Armor
44:25 Squires
44:29 Bracer
45:05 Iron Casting
44:36 Scale Barding Armor
44:47 Leather Archer Armor
45:47 Town Patrol
47:36 Careening
47:37 Clinker Construction
47:34 Siphons
50:38 Blast Furnace
49:02 Elite Skirmisher
50:15 Carvel Hull
51:03 Incendiaries
53:43 Shipwright
54:30 Ring Archer Armor
53:23 Imperial Skirmisher
55:48 Caravan
61:43 Halberdier
63:31 Heated Shot
66:51 Light Cavalry
67:32 Husbandry
69:39 Guilds
70:29 Spies/Treason
galactus
4:12 Loom
13:23 Feudal Age
13:58 Arson
14:13 Fishing Lines
14:37 Man-at-Arms
21:43 Castle Age
20:20 Scale Mail Armor
20:31 Forging
23:03 Husbandry
23:14 Bloodlines
24:46 Gillnets
26:18 Double-Bit Axe
26:16 Horse Collar
29:06 Medium Warships
28:18 Demolition Ship
33:36 Imperial Age
31:59 Stone Mining
31:59 Gold Mining
35:22 Chain Mail Armor
41:31 Bow Saw
41:23 Heavy Plow
42:11 Heavy Warships
41:45 Elite Samurai
42:46 Conscription
44:50 Wheelbarrow
44:01 Town Watch
53:11 Plate Mail Armor
53:26 Iron Casting
Onriosh
5:05 Loom
13:10 Feudal Age
22:53 Castle Age
23:24 Horse Collar
24:15 Squires
24:01 Arson
24:58 Forging
25:55 Heavy Plow
28:40 Scale Mail Armor
38:13 Imperial Age
37:13 Chain Mail Armor
37:33 Iron Casting
38:55 Iron Casting
Uhtred
4:58 Loom
13:03 Feudal Age
16:13 Bloodlines
22:52 Castle Age
20:40 Double-Bit Axe
20:52 Fletching
21:22 Fishing Lines
22:18 Padded Archer Armor
23:27 Forging
23:17 Gold Mining
24:34 Thumb Ring
27:42 Bodkin Arrow
28:35 Murder Holes
29:03 Ballistics
36:41 Elite Skirmisher
37:34 Scale Barding Armor
37:45 Leather Archer Armor
39:47 Gillnets
52:50 Imperial Age
58:57 Chemistry
58:22 Bracer
Sigit4n
9:53 Feudal Age
8:09 Loom
10:20 Man-at-Arms
12:00 Wheelbarrow
14:59 Fishing Lines
16:06 Double-Bit Axe
19:19 Long Swordsman
21:19 Town Watch
26:12 Castle Age
34:41 Forging
42:29 Bow Saw
43:53 Gold Mining
43:56 Stone Mining
44:19 Gillnets
44:42 Town Patrol
46:03 Hand Cart
48:14 Gold Shaft Mining
47:17 Long Swordsman
47:43 Gambesons
49:00 Forging
52:21 Scale Mail Armor
Connection lost

Rejoining the realm…

Still unreachable

The connection could not be restored.

Session expired

The server has moved on; the page needs a fresh start.